 Dungeon Crawl Stone Soup version 0.30-a0-313-gae38170b09 (webtiles) character file.

Game seed: 7969908131869327930

50687 Pooter the Severer (level 14, -2/202 HPs)
             Began as a Minotaur Berserker on Oct 26, 2022.
             Was a High Priest of Trog.
             Constricted to death by an anaconda (3 damage)
             ... on level 5 of the Lair of Beasts on Oct 27, 2022.
             The game lasted 01:12:40 (17229 turns).

Pooter the Severer (Minotaur Berserker)            Turns: 17229, Time: 01:12:40

Health: -2/202     AC: 19    Str: 33    XL:     14   Next: 20%
Magic:  13/13      EV:  6    Int:  1    God:    Trog [*****.]
Gold:   647        SH:  0    Dex: 11    Spells: 13/13 levels left

rFire   + + .      SeeInvis +    a - +9 executioner's axe of Blood-Lust {drain, rPois rN+++ Int-2 SInv}
rCold   . . .      Faith    .    (shield currently unavailable)
rNeg    + + +      Spirit   .    g - +5 chain mail
rPois   +          Reflect  .    (helmet restricted)
rElec   .          Harm     .    R - +0 cloak
rCorr   .          Rampage  +    s - +1 pair of gloves {Str+3}
Will    +....                    C - +1 pair of boots {rampage}
Stlth   ..........               o - amulet of the acrobat
HPRegen 0.53/turn                k - ring of protection from fire
MPRegen 0.13/turn                x - ring "Ydghaishra" {rF+ Str+6 Int-3 SInv}

@: berserking, lethally poisoned (-2 -> -6), about to teleport, constricted,
studying Long Blades, very quick
A: horns 2, retaliatory headbutt
a: Renounce Religion, Berserk, Trog's Hand, Brothers in Arms


You were on level 5 of the Lair of Beasts.
You worshipped Trog.
Trog was extremely pleased with you.
You visited 2 branches of the dungeon, and saw 15 of its levels.
You also visited: Sewer and Volcano.

You collected 990 gold pieces.
You spent 343 gold pieces at shops.

Inventory:

Hand Weapons
 a - the +9 executioner's axe of Blood-Lust (weapon) {drain, rPois rN+++ Int-2 SInv}
   (You acquired it on level 2 of the Dungeon)

   A truly terrible weapon, it drains the life of any living foe it strikes.
   Int:       It affects your intelligence (-2).
   rPois:     It protects you from poison.
   rN:        It renders you almost immune to negative energy.
   SInv:      It lets you see invisible.
 b - a +3 arbalest
   (You found it on level 10 of the Dungeon)
 z - a +2 halberd of venom
   (You took it off a gnoll on level 7 of the Dungeon)
 I - a +2 eveningstar of draining
   (You found it on level 4 of the Lair of Beasts)
Missiles
 f - a curare-tipped dart
 i - 4 javelins
 r - 5 boomerangs (quivered)
 G - 50 poisoned darts
 M - a throwing net {!f}
 Q - 115 stones
Armour
 g - a +5 chain mail (worn)
   (You found it on level 1 of the Dungeon)
 s - a +1 pair of gloves of strength (worn)
   (You found it on level 2 of the Lair of Beasts)
 C - a +1 pair of boots of rampaging (worn)
   (You bought it in a shop on level 5 of the Dungeon)
 R - a +0 cloak (worn)
   (You found it on level 2 of the Lair of Beasts)
 U - a +1 chain mail of fire resistance
   (You took it off a hell knight in a volcano)
Jewellery
 k - a ring of protection from fire (left hand)
   (You found it on level 1 of the Dungeon)
 o - an amulet of the acrobat (around neck)
   (You found it on level 3 of the Dungeon)
 w - a ring of ice
   (You found it in a sewer)
 x - the ring "Ydghaishra" (right hand) {rF+ Str+6 Int-3 SInv}
   (You took it off a gnoll bouda on level 7 of the Dungeon)

   [ring of strength]

   Str:       It affects your strength (+6).
   Int:       It affects your intelligence (-3).
   rF:        It protects you from fire.
   SInv:      It lets you see invisible.
 F - a ring of protection from fire
   (You found it on level 1 of the Lair of Beasts)
 O - a ring of protection from fire
   (You found it on level 2 of the Lair of Beasts)
 S - a ring of see invisible
   (You found it on level 5 of the Dungeon)
 V - a +6 ring of dexterity
   (You found it on level 2 of the Lair of Beasts)
Wands
 d - a wand of iceblast (7)
   (You found it on level 8 of the Dungeon)
 m - a wand of polymorph (9)
   (You found it on level 1 of the Lair of Beasts)
 N - a wand of charming (3)
   (You found it on level 9 of the Dungeon)
Scrolls
 l - 4 scrolls of fear
 n - 3 scrolls of noise {!r}
 q - 3 scrolls of immolation {!r}
 t - 6 scrolls of teleportation {@r4}
 y - 2 scrolls of torment {!r}
 A - a scroll of butterflies
 B - 3 scrolls of enchant armour
 E - 2 scrolls of magic mapping
 H - a scroll of vulnerability {!r}
 L - a scroll of poison {!r}
 T - 2 scrolls of summoning
Potions
 c - 4 potions of haste {@q3}
 e - 15 potions of curing {@q1}
 h - 2 potions of flight {unknown}
 j - 4 potions of attraction {!q}
 p - a potion of lignification {unknown}
 u - a potion of heal wounds {@q2}
 v - 3 potions of invisibility
 D - a potion of resistance
 J - 2 potions of might {unknown}
 K - 2 potions of mutation {!q}
 P - a potion of experience {unknown}


   Skills:
 + Level 15.0 Fighting
 * Level 20.4 Axes
 * Level 12.1 Ranged Weapons
 - Level 2.4 Armour
 - Level 2.1 Dodging
 + Level 7.1 Evocations


You had 13 spell levels left.
You didn't know any spells.
Your spell library was empty.

Dungeon Overview and Level Annotations

Branches:
Dungeon (10/15)            Temple (0/1) D:4            Lair (5/5) D:8
 Shoals (0/4) Lair:3        Snake (0/4) Lair:2        Slime (0/5) Lair:4
  Sewer (visited)         Volcano (visited)
    Orc: D:9-12

Altars:
Hepliaklqana
Kikubaaqudgha
Okawaru
Sif Muna
Vehumet
Wu Jian

Shops:
D:5 ?:[([   D:10 (

Annotations:
D:8 3 runed translucent doors


Innate Abilities, Weirdness & Mutations

You have a pair of horns on your head.
You reflexively headbutt those who attack you in melee.


Message History

* * * LOW HITPOINT WARNING * * *
The manticore claws you.
* * * LOW HITPOINT WARNING * * *
The black mamba bites you.
* * * LOW HITPOINT WARNING * * *
The blink frog hits the plant.
The blink frog blinks!
The anaconda completely misses you. You furiously retaliate!
You headbutt the anaconda! The anaconda constricts you.
* * * LOW HITPOINT WARNING * * *
As you read the scroll of teleportation {@r4}, it crumbles to dust.
You feel strangely unstable.
You feel very sick. The black mamba bites you.
* * * LOW HITPOINT WARNING * * *
The anaconda bites you.
* * * LOW HITPOINT WARNING * * *
The anaconda constricts you. The manticore bites you.
* * * LOW HITPOINT WARNING * * *
The manticore claws you but does no damage. x2
The black mamba bites you.
* * * LOW HITPOINT WARNING * * *
The blink frog hits you but does no damage.
The blink frog hits you.
* * * LOW HITPOINT WARNING * * *
Do you really want to go berserk while wielding your +3 arbalest?
Okay, then.
You feel stupid.
You sense an unholy aura.
a - the +9 executioner's axe of Blood-Lust (weapon)
{drain, rPois rN+++ Int-2 SInv} You feel sick.
A nearby plant withers and dies.
The anaconda bites you but does no damage.
The anaconda constricts you.
* * * LOW HITPOINT WARNING * * *
The black mamba bites you but does no damage.
The manticore bites you!!
* * * LOW HITPOINT WARNING * * *
The manticore claws you but does no damage. x2
The blink frog barely misses you.
A red film seems to cover your vision as you go berserk!
You feel yourself moving faster!
You feel mighty!
* * * LOW HITPOINT WARNING * * *
You feel sick. The anaconda completely misses you. You furiously retaliate!
You headbutt the anaconda!! The anaconda constricts you.
* * * LOW HITPOINT WARNING * * *
The blink frog hits you but does no damage.
The black mamba barely misses you. The blink frog hits you.
* * * LOW HITPOINT WARNING * * *
The anaconda bites you but does no damage.
The anaconda constricts you.
You die...

..##.#.#.#...#.#.#
........#####.#.###
..####...##.#.#.#.##
...##.####..##.##..#
..........#.#.#.......
#.###'###.#.#.#.#######
#.#...†P#..#)...#.....#
..#†###.#....##F#H###.#
..#.#:#.#.#####F@S#(+
..#.#+#.#...# #F#S###.#
..#P...P#.#.##..#.....#
..#######.###.#.#######
.................
...........#.....
..††.............
.................
.................


You could see an anaconda, a manticore, a black mamba and 3 blink frogs.

Vanquished Creatures
  7 hydras
  Harold (D:10)
  A boulder beetle (Lair:2)
  A catoblepas (Lair:5)
  4 two-headed ogres
  3 death yaks (Lair:1)
  The ghost of GleepGlorp the Spear-Bearer, a novice FoFi of the Shining One (D:7)
  A fire crab (Lair:2)
  A hell knight (Volcano)
  Amaemon (Lair:2)
  A salamander mystic (Volcano)
  4 salamanders (Volcano)
  A manticore (Lair:5)
  15 elephants
  A torpor snail (Lair:5)
  6 black mambas
  15 cane toads
  An orange demon (Lair:2)
  Maggie (Lair:2)
  2 rime drakes
  10 komodo dragons
  A troll (D:8)
  4 polar bears
  2 hornets
  A slime creature (Lair:1)
  15 blink frogs
  A raiju (Lair:5)
  A snapping turtle (Lair:3)
  2 dream sheep
  A wraith (D:10)
  5 fire elementals
  3 wyverns
  34 yaks
  3 basilisks (Lair:3)
  2 wargs (Lair:5)
  A naga (Lair:2)
  5 hell hounds
  14 water moccasins
  2 orc warriors
  A sky beast (D:7)
  An ice beast (D:5)
  8 black bears
  18 wolves
  A centaur (D:9)
  2 ogres
  A phantom (D:5)
  4 kobold brigands
  3 gnoll sergeants (D:7)
  13 bullfrogs
  A necrophage (D:7)
  2 scorpions
  4 wights (D:7)
  7 electric eels
  A howler monkey (D:10)
  3 lava snakes (Lair:1)
  6 hounds
  19 jellies
  3 gnoll boudas
  7 orc priests
  4 iguanas
  Natasha (D:3)
  8 orc wizards
  13 gnolls
  14 adders
  4 river rats (Sewer)
  A shadow imp (D:6)
  A white imp (D:5)
  An ufetubus (D:6)
  3 worms
  3 dart slugs
  36 orcs
  13 ball pythons
  22 endoplasms
  A giant cockroach (D:3)
  3 hobgoblins (D:2)
  7 jackals
  20 kobolds
  A quokka (D:1)
  2 bats (D:2)
  7 frilled lizards
  23 rats
468 creatures vanquished.

Vanquished Creatures (others)
  A bush (Lair:5)
  23 fungi
  51 plants
75 creatures vanquished.

Grand Total: 543 creatures vanquished

Notes
Turn   | Place    | Note
-------+----------+-------------------------------------------
     0 | D:1      | Pooter the Minotaur Berserker began the quest for the Orb.
     0 | D:1      | Reached XP level 1. HP: 19/19 MP: 0/0
   345 | D:1      | Reached skill level 4 in Axes
   618 | D:2      | Reached XP level 2. HP: 23/27 MP: 1/1
  1085 | D:2      | Reached XP level 3. HP: 33/33 MP: 2/2
  1106 | D:2      | Found an iron altar of Okawaru.
  1405 | D:2      | Identified a scroll of acquirement
  1406 | D:2      | Acquired the +9 executioner's axe of Blood-Lust {drain,
                  | rPois rN+++ Int-2 SInv}
  1537 | D:3      | Reached skill level 5 in Axes
  1586 | D:3      | Reached XP level 4. HP: 38/41 MP: 3/3
  1815 | D:3      | Reached ** piety under Trog
  1874 | D:3      | Noticed Natasha
  1876 | D:3      | Killed Natasha
  2094 | D:3      | Reached skill level 6 in Axes
  2255 | D:4      | Reached XP level 5. HP: 47/47 MP: 4/4
  2321 | D:4      | Reached skill level 5 in Fighting
  2525 | D:4      | Reached skill level 7 in Axes
  2525 | D:4      | Reached XP level 6. HP: 56/56 MP: 5/5
  2914 | D:4      | Found a staircase to the Ecumenical Temple.
  3060 | D:5      | Entered Level 5 of the Dungeon
  3095 | D:5      | Found a glowing drain.
  3107 | Sewer    | Entered a sewer
  3174 | Sewer    | Reached skill level 8 in Axes
  3238 | Sewer    | Reached *** piety under Trog
  3259 | Sewer    | Reached XP level 7. HP: 63/63 MP: 6/6
  3464 | D:5      | Found Erphibyid's Antique Armour Shop.
  3472 | D:5      | Bought a pair of runed boots for 217 gold pieces
  3635 | D:5      | Found Pealoky's Book Boutique.
  3639 | D:5      | Found Oduyweaz's Magic Scroll Shop.
  3754 | D:5      | Reached skill level 9 in Axes
  3761 | D:5      | Found Zuxobb's Weapon Shop.
  3849 | D:5      | Found Welemoek's Armour Shop.
  3946 | D:5      | Reached XP level 8. HP: 73/73 MP: 7/7
  4192 | D:6      | Reached skill level 10 in Axes
  4324 | D:6      | Found an ornate altar of the Wu Jian Council.
  4361 | D:6      | Reached skill level 11 in Axes
  4446 | D:6      | Found an ancient bone altar of Kikubaaqudgha.
  5161 | D:7      | Noticed a hornet
  5166 | D:7      | Reached **** piety under Trog
  5168 | D:7      | Killed a hornet
  5169 | D:7      | Reached skill level 12 in Axes
  5169 | D:7      | Reached XP level 9. HP: 77/82 MP: 8/8
  5495 | D:7      | Found a transporter.
  5513 | D:7      | Found a radiant altar of Vehumet.
  5571 | D:7      | Found a hazy altar of Hepliaklqana.
  5822 | D:7      | Found a transporter.
  5829 | D:7      | Identified the +1 scale mail of Hepliaklqana's Anger
                  | {Dex+2}
  5832 | D:7      | Identified the ring "Ydghaishra" {rF+ Str+6 Int-3 SInv}
  5848 | D:7      | Noticed GleepGlorp's ghost (novice FoFi)
  5905 | D:7      | Reached skill level 13 in Axes
  5926 | D:7      | Killed GleepGlorp's ghost
  5927 | D:7      | Reached skill level 10 in Fighting
  6167 | D:8      | Reached skill level 14 in Axes
  6360 | D:8      | Found a staircase to the Lair.
  6531 | D:8      | Reached XP level 10. HP: 94/94 MP: 9/9
  6778 | D:5      | Bought a scroll of magic mapping for 82 gold pieces
  6778 | D:5      | Bought a scroll of teleportation for 33 gold pieces
  6778 | D:5      | Bought a scroll of noise for 11 gold pieces
  6912 | D:8      | Found a runed translucent gate.
  6913 | D:8      | Noticed a cyan ugly thing
  6913 | D:8      | Noticed a brown ugly thing
  6915 | D:8      | Noticed a white ugly thing
  6916 | D:8      | Noticed a cyan ugly thing
  6916 | D:8      | Noticed a red ugly thing
  6917 | D:8      | Found a runed translucent gate.
  6917 | D:8      | Found a runed translucent gate.
  6961 | D:8      | Reached skill level 15 in Axes
  6970 | D:8      | Found a shimmering blue altar of Sif Muna.
  7370 | D:9      | Noticed a two-headed ogre
  7376 | D:9      | Killed a two-headed ogre
  7376 | D:9      | Reached ***** piety under Trog
  8136 | D:10     | Entered Level 10 of the Dungeon
  8420 | D:10     | Noticed a two-headed ogre
  8430 | D:10     | Killed a two-headed ogre
  8431 | D:10     | Reached skill level 16 in Axes
  8793 | D:10     | Found Zimino's Weapon Shop.
  8826 | D:10     | Noticed Harold
  8836 | D:10     | Killed Harold
  8837 | D:10     | Reached skill level 1 in Ranged Weapons
  9198 | D:10     | Reached XP level 11. HP: 104/104 MP: 10/10
  9203 | D:10     | Noticed a two-headed ogre
  9205 | D:10     | Reached skill level 1 in Evocations
  9210 | D:10     | Killed a two-headed ogre
  9390 | D:10     | Noticed a two-headed ogre
  9399 | D:10     | Killed a two-headed ogre
  9893 | Lair:1   | Entered Level 1 of the Lair of Beasts
 10469 | Lair:1   | Reached skill level 17 in Axes
 10554 | Lair:1   | Found a dark tunnel.
 10560 | Volcano  | Entered a volcano
 10590 | Volcano  | Noticed a hell knight
 10601 | Volcano  | Killed a hell knight
 10602 | Volcano  | Reached skill level 5 in Ranged Weapons
 10740 | Volcano  | Noticed a salamander mystic
 10745 | Volcano  | Killed a salamander mystic
 11087 | Lair:1   | Noticed a death yak
 11087 | Lair:1   | Noticed a death yak
 11089 | Lair:1   | Noticed a death yak
 11093 | Lair:1   | Killed a death yak
 11094 | Lair:1   | Reached XP level 12. HP: 115/115 MP: 11/11
 11094 | Lair:1   | Killed a death yak
 11096 | Lair:1   | Killed a death yak
 11266 | Lair:2   | Found a transporter.
 11299 | Lair:2   | Noticed an eight-headed hydra
 11305 | Lair:2   | Killed a ten-headed hydra
 11369 | Lair:2   | You fall into a shaft and drop 2 floors!
 11379 | Lair:4   | Reached skill level 18 in Axes
 11620 | Lair:2   | Noticed Amaemon
 11626 | Lair:2   | Killed Amaemon
 11741 | Lair:2   | Found a staircase to the Snake Pit.
 11781 | Lair:2   | Noticed Maggie
 11787 | Lair:2   | Killed Maggie
 11921 | Lair:2   | Found a transporter.
 11944 | Lair:2   | Noticed a boulder beetle
 11950 | Lair:2   | Killed a boulder beetle
 11951 | Lair:2   | Reached skill level 5 in Evocations
 12676 | Lair:3   | Reached XP level 13. HP: 105/123 MP: 12/12
 12777 | Lair:3   | Reached skill level 19 in Axes
 12825 | Lair:3   | Received a gift from Trog
 12826 | Lair:3   | Reached skill level 10 in Ranged Weapons
 13080 | Lair:3   | Found a staircase to the Shoals.
 13752 | Lair:4   | Found a staircase to the Slime Pits.
 14041 | Lair:4   | Noticed Urug
 14043 | Lair:4   | Urug changed into Urug the dream sheep
 14043 | Lair:4   | Noticed Urug
 14046 | Lair:4   | Killed Urug the dream sheep
 14224 | Lair:5   | Entered Level 5 of the Lair of Beasts
 15177 | Lair:5   | Reached skill level 20 in Axes
 16543 | Lair:5   | Reached XP level 14. HP: 131/133 MP: 13/13
 16841 | Lair:5   | Received a gift from Trog
 16882 | Lair:5   | Reached skill level 15 in Fighting
 17228 | Lair:5   | HP: 4/135 [manticore (18)]
 17229 | Lair:5   | HP: 1/202 [blink frog (1)]
 17229 | Lair:5   | Constricted to death by an anaconda

Illustrated notes

Levels and vault maps discovered:
D:1:      dpeg_arrival_triangle_fractal, layout_basic, minmay_misc_feat_iff
D:2:      layout_basic, basic_altar
D:3:      layout_loops_ring, uniq_natasha
D:4:      layout_loops_ring, minmay_temple_entry_overgrown
D:5:      layout_loops_ring, serial_shops, nicolae_shop_bloodbath_and_beyond,
          nicolae_shop_competitors_out_of_business, shop, shop, shop_fountains,
          cheibrodos_sewer_entry_bend, kennysheep_donut
D:6:      layout_basic, kiku_gazebo_pond_becter, lemuel_round_altar
D:7:      layout_rooms, nicolae_overflow_squiral, gammafunk_ghost_gnarly_gnolls,
          chequers_serial_rivers_micro_a, kennysheep_generic_room_5
D:8:      layout_basic, lemuel_crystal_altar, erik_lair_island,
          ploomutoo_gammafunk_ghost_potion_laboratory
D:9:      layout_basic, moated_statue
D:10:     layout_cave_pods, serial_shops, nicolae_stop_n_shop_2,
          eino_tiny_chamber, uniq_harold
Lair:1:   lemuel_slime, layout_concentric_octagons,
          nicolae_volcano_entry_hallway, nicolae_lair_liquid_snakes
Lair:2:   gammafunk_cloud_chamber, layout_chaotic_city,
          guppyfry_snake_entry_island, uniq_maggie, uniq_amaemon
Lair:3:   layout_regular_city, minmay_shoals_entry_hut
Lair:4:   layout_hall_layers, minmay_slime_entry_jelly_boxes, uniq_urug
Lair:5:   hangedman_lair_caniforms_friends, layout_regular_city,
          minmay_shattered_shrine, uniq_snorg

Skill      XL: |  1  2  3  4  5  6  7  8  9 10 11 12 13 14 |
---------------+-------------------------------------------+-----
Axes           | 4 5 6 7 8 9 12 14 16 17 18 20 | 20.4
Fighting       | 4 5 6 7 8 10 12 13 14 15 | 15.0
Ranged Weapons | 1 6 9 11 12 | 12.1
Evocations     | 3 5 6 7 |  7.1
Armour         | |  2.4
Dodging        | |  2.1

Action                   |  1- 3 |  4- 6 |  7- 9 | 10-12 | 13-15 || total
-------------------------+-------+-------+-------+-------+-------++-------
Melee: Hand axe          |    33 |       |       |       |       ||    33
       Headbutt          |     7 |     6 |    23 |    38 |    32 ||   106
       Short sword       |    14 |       |       |       |       ||    14
       Executioner's axe |    13 |   102 |   153 |   246 |   206 ||   720
       Eveningstar       |       |       |       |       |     6 ||     6
       Punch             |       |       |       |       |     1 ||     1
 Fire: Sling             |       |    17 |    14 |    13 |       ||    44
       Arbalest          |       |       |       |    70 |    61 ||   131
       Shortbow          |       |       |       |     3 |       ||     3
Throw: Dart              |       |       |     4 |     2 |       ||     6
       Boomerang         |       |       |       |     6 |     2 ||     8
Invok: Berserk           |       |     2 |       |     6 |     6 ||    14
       Trog's Hand       |       |     2 |     5 |    12 |     3 ||    22
Evoke: Wand              |       |       |     2 |     3 |     2 ||     7
  Use: Scroll            |     6 |     6 |     7 |    13 |     2 ||    34
       Potion            |       |       |     2 |     1 |       ||     3
 Stab: Petrified         |       |       |       |       |     1 ||     1
Armor: Chain mail        |    48 |    57 |   119 |   147 |   208 ||   579
Dodge: Dodged            |    34 |    74 |    88 |   126 |   167 ||   489

Table legend: (Time is in decaauts)
 A = Elapsed time spent in this place.
 B = Non-inter-level travel time spent in this place.
 C = Inter-level travel time spent in this place.
 D = Time resting spent in this place.
 E = Time spent auto-exploring this place.
 F = Levels seen in this place.
 G = Mean time per level.
                   A        B        C        D        E       F      G
               +--------+--------+--------+--------+--------+-----+--------+
         Total |  17590 |  17003 |    587 |   4844 |   9170 |  17 | 1034.7 |
       Dungeon |   9825 |   9402 |    423 |   1521 |   6378 |  10 |  982.5 |
          Lair |   7164 |   7000 |    164 |   3219 |   2565 |   5 | 1432.8 |
         Sewer |    285 |    285 |      0 |      0 |    133 |   1 |  285.0 |
       Volcano |    315 |    315 |      0 |    104 |     93 |   1 |  315.0 |
               +--------+--------+--------+--------+--------+-----+--------+

Top non-repeatable levels by time:
  Lair:4: 2155 daAuts
  Lair:5: 2060 daAuts
    D:10: 1609 daAuts
     D:7: 1143 daAuts
     D:8: 1124 daAuts
  Lair:1: 1111 daAuts
  Lair:2: 1005 daAuts
     D:5: 967 daAuts
     D:6: 928 daAuts
     D:9: 923 daAuts
     D:2: 907 daAuts
     D:4: 905 daAuts
  Lair:3: 831 daAuts
     D:3: 706 daAuts
     D:1: 609 daAuts
